 Dungeon Crawl Stone Soup version 0.19-a0-1834-g6b7851e (webtiles) character file.

6516 4thArraOfDagon the Grappler (level 10, -2/96 HPs)
             Began as a Troll Necromancer on Oct 9, 2016.
             Was an Elder of Dithmenos.
             Shot with an arrow by a centaur (17 damage)
             ... on level 13 of the Dungeon.
             The game lasted 00:17:47 (3673 turns).

4thArraOfDagon the Grappler (Troll Necromancer)     Turns: 3673, Time: 00:17:47

Health: -2/96      AC:  6    Str: 18    XL:     10   Next: 69%
Magic:  11/13      EV: 11    Int: 17    God:    Dithmenos [****..]
Gold:   235        SH:  0    Dex: 10    Spells: 2 memorised, 10 levels left

rFire  . . .     SeeInvis .       - Unarmed
rCold  . . .     Gourm    +     f - +0 robe of Birdsong {MR+ Int+3}
rNeg   . . .     Faith    .     (no shield)
rPois  .         Spirit   .     (helmet restricted)
rElec  .         Dismiss  .     w - +0 cloak
rCorr  .         Reflect  .     (gloves unavailable)
MR     +....     Harm     .     (boots unavailable)
Stlth  ++........               (no amulet)
                                (no ring)
                                d - ring of wizardry

@: very slightly contaminated, regenerating (expiring), wreathed by umbra,
invisible
A: unfitting armour, claws 3, fast metabolism 3, gourmand, regeneration 1,
shaggy fur 1, tough skin 2, MP-powered wands
a: Shadow Step, Renounce Religion


You were on level 13 of the Dungeon.
You worshipped Dithmenos.
Dithmenos was greatly pleased with you.
You were very full.

You visited 1 branch of the dungeon, and saw 13 of its levels.
You also visited: Ossuary.

You collected 465 gold pieces.
You spent 230 gold pieces at shops.

Inventory:

Armour
 a - a +1 robe
 e - a +2 robe of cold resistance
 f - the +0 robe of Birdsong (worn) {MR+ Int+3}
   (You found it on level 4 of the Dungeon)

   It affects your intelligence (+3).
   It affects your resistance to hostile enchantments.
 w - a +0 cloak (worn)
 B - a +1 robe of magic resistance
Jewellery
 d - a ring of wizardry (left claw)
 x - an uncursed ring of ice
Wands
 F - a wand of lightning (7/15)
Scrolls
 j - 4 scrolls of teleportation
 l - 7 scrolls of remove curse
 n - 2 scrolls of recharging {unknown}
 o - a scroll of noise {unknown}
 s - 3 scrolls of fog
 t - 3 scrolls of random uselessness {unknown}
 u - a scroll of acquirement {unknown}
 A - a scroll of vulnerability
 C - a scroll of fear
 D - a scroll of identify
 E - a scroll of magic mapping
 G - a scroll of enchant armour
Potions
 g - a potion of magic
 i - 3 potions of might
 k - a potion of haste
 m - 2 potions of degeneration
 p - a potion of flight
 r - a potion of berserk rage
 z - a potion of resistance
Books
 b - a book of Necromancy

   Spells                             Type                      Level
   a - Pain                           Necromancy                   1
   b - Animate Skeleton               Necromancy                   1
   c - Vampiric Draining              Necromancy                   3
   d - Regeneration                   Charms/Necromancy            3
   e - Animate Dead                   Necromancy                   4
   f - Control Undead                 Necromancy                   4
Miscellaneous
 y - a phantom mirror
Comestibles
 c - 6 bread rations
 v - 3 meat rations


   Skills:
 + Level 5.0 Fighting
 + Level 5.3 Dodging
 - Level 1.0 Stealth
 * Level 10.5 Unarmed Combat
 - Level 2.6 Spellcasting
 - Level 3.7 Charms
 - Level 5.7 Necromancy


You had 10 spell levels left.
You knew the following spells:

 Your Spells              Type           Power        Failure   Level  Hunger
a - Pain                  Necr           ###.         1%          1    #......
b - Regeneration          Chrm/Necr      ###.......   4%          3    ###....


Dungeon Overview and Level Annotations

Branches:
Dungeon (13/15)               Orc (0/2) D:9
 Temple: D:4-7         Lair: D:8-11      Vaults: D:13-14

Altars:
Dithmenos
Ru
Yredelemnul
The Shining One

Shops:
D:4 ?!!*   D:6 %   D:11 ?   D:13 [

Annotations:
D:12 Kirke


Innate Abilities, Weirdness & Mutations

You are too large for most types of armour.
You have claws for hands.
Your metabolism is lightning-fast.
You like to eat raw meat.
Your natural rate of healing is unusually fast.
You are covered in fur. (AC +1)
You have very tough skin. (AC +2)
You expend magic power (3 MP) to strengthen your wands.


Message History

Unknown command.
Unknown command.
Unknown command.
Unknown command.
Unknown command.
Okay, then.
Unknown command.
A raiju comes into view.
The red ugly thing gurgles horribly!
The raiju barks!
The raiju changes into a spiny frog!
Unknown command.
Unknown command.
You fade into invisibility!
You are very lightly contaminated with residual magic.
A wyvern comes into view.
Unknown command.
You feel better.
Your skin is crawling a little less now.
The centaur shoots an arrow.
The arrow hits you!
You die...

.....
####..F.>
#........
#.P.P.l..
##..∩P...#
#...PPu#.#
#......#.###.
#.@##..c.....
##.##<.#.#
#.c(....##
####(....#
##C##.# .# #
.. .## .#


You could see a red ugly thing, a spiny frog shaped shifter, a wyvern
(wandering) and a centaur.

Vanquished Creatures
  Erica (D:9)
  Pikel (D:7)
  A hill giant (D:11)
  Joseph (D:7)
  A troll (D:10)
  2 two-headed ogres
  A wyvern (D:11)
  A hog (D:11)
  A soldier ant (D:10)
  5 orc warriors
  3 black bears
  2 slaves (D:7)
  An ice beast (D:11)
  3 ogres
  4 phantoms
  A centaur (D:6)
  A crocodile (D:11)
  A big kobold (D:9)
  A gnoll sergeant (D:7)
  3 bullfrogs
  5 scorpions
  A wight (D:9)
  3 howler monkeys
  4 centaur zombies
  2 crimson imps
  A hound (D:7)
  2 bullfrog zombies
  A human zombie (Ossuary)
  6 orc priests
  A centaur skeleton (D:4)
  2 jellies
  An iguana (D:11)
  9 orc wizards
  5 worker ants
  3 big kobold zombies (Ossuary)
  A hound zombie (D:7)
  3 mummies (Ossuary)
  A worker ant zombie (D:5)
  8 gnolls
  9 adders
  5 adder zombies
  A worm (D:5)
  2 leopard geckos
  34 orcs
  A giant cockroach (D:2)
  A hobgoblin (D:2)
  10 jackals
  3 quokkas
  4 bats (D:2)
  3 frilled lizards
  6 goblin zombies (Ossuary)
  2 hobgoblin zombies (Ossuary)
  3 jackal zombies (Ossuary)
  5 kobold zombies (Ossuary)
  A leopard gecko zombie (D:5)
  5 orc zombies (Ossuary)
  2 quokka zombies (Ossuary)
  3 rats (D:2)
  2 rat zombies (Ossuary)
196 creatures vanquished.

Notes
Turn   | Place    | Note
-------+----------+-------------------------------------------
     0 | D:1      | 4thArraOfDagon the Troll Necromancer began the quest for the Orb.
     0 | D:1      | Reached XP level 1. HP: 16/16 MP: 1/1
    52 | D:2      | Reached skill level 1 in Unarmed Combat
    52 | D:2      | Reached XP level 2. HP: 13/24 MP: 2/2
   127 | D:2      | Reached skill level 2 in Unarmed Combat
   241 | D:4      | Found a shadowy altar of Dithmenos.
   244 | D:4      | Reached skill level 3 in Unarmed Combat
   244 | D:4      | Reached XP level 3. HP: 31/31 MP: 3/3
   275 | D:4      | Found a basalt altar of Yredelemnul.
   292 | D:5      | Entered Level 5 of the Dungeon
   313 | D:5      | Reached XP level 4. HP: 10/39 MP: 4/4
   356 | D:4      | Got a smoking robe
   367 | D:4      | Identified the cursed +0 robe of Birdsong {MR+ Int+3} (You found it on level 4 of the Dungeon)
   380 | D:4      | Reached skill level 4 in Unarmed Combat
   477 | D:4      | Found Ymnov's Magic Scroll Emporium.
   482 | D:4      | Bought a scroll of remove curse for 30 gold pieces
   482 | D:4      | Bought a scroll of identify for 20 gold pieces
   502 | D:4      | Became a worshipper of Dithmenos the Shadowed
   554 | D:4      | Found Kamonack's Distillery.
   559 | D:4      | Bought 2 potions of degeneration for 28 gold pieces
   587 | D:4      | Reached XP level 5. HP: 26/45 MP: 5/5
   590 | D:4      | Found Buoteb's Distillery.
   601 | D:4      | Reached skill level 5 in Unarmed Combat
   635 | D:4      | Found a sacrificial altar of Ru.
   654 | D:4      | dafak
   674 | D:4      | Found Pefydoam's General Store.
   700 | D:4      | Found a sand-covered staircase.
   708 | Ossuary  | Entered an ossuary
   744 | Ossuary  | Learned a level 3 spell: Regeneration
   756 | Ossuary  | Reached XP level 6. HP: 43/53 MP: 6/6
   819 | Ossuary  | Reached * piety under Dithmenos
   884 | Ossuary  | Reached skill level 6 in Unarmed Combat
  1000 | D:4      | Bought a potion of berserk rage for 55 gold pieces
  1021 | D:3      | Reached skill level 1 in Fighting
  1207 | D:5      | Reached skill level 1 in Charms
  1207 | D:5      | Reached XP level 7. HP: 24/62 MP: 8/8
  1315 | D:6      | Reached ** piety under Dithmenos
  1320 | D:6      | Found Elu Touvoati's Food Shop.
  1710 | D:6      | Reached XP level 8. HP: 39/71 MP: 9/9
  1783 | D:7      | Reached skill level 7 in Unarmed Combat
  1869 | D:7      | Noticed Joseph
  1884 | D:7      | Killed Joseph
  1939 | D:6      | Reached skill level 5 in Necromancy
  2084 | D:6      | Reached XP level 9. HP: 52/80 MP: 11/11
  2162 | D:7      | Noticed Pikel
  2198 | D:7      | Killed Pikel
  2221 | D:7      | Reached skill level 8 in Unarmed Combat
  2232 | D:7      | Found a glowing golden altar of the Shining One.
  2338 | D:9      | Gained mutation: Your spells are a little harder to cast, but a little more powerful. [potion of mutation]
  2338 | D:9      | Lost mutation: Your spells are a little harder to cast, but a little more powerful. [potion of mutation]
  2338 | D:9      | Gained mutation: You expend magic power (3 MP) to strengthen your wands. [potion of mutation]
  2453 | D:9      | Found a staircase to the Orcish Mines.
  2467 | D:9      | Reached *** piety under Dithmenos
  2862 | D:9      | Reached skill level 9 in Unarmed Combat
  2918 | D:9      | Reached **** piety under Dithmenos
  3017 | D:9      | Noticed Erica
  3027 | D:9      | Killed Erica
  3027 | D:9      | Reached XP level 10. HP: 93/93 MP: 13/13
  3116 | D:10     | Entered Level 10 of the Dungeon
  3263 | D:11     | Noticed a hill giant
  3273 | D:11     | Killed a hill giant
  3273 | D:11     | Reached skill level 10 in Unarmed Combat
  3335 | D:10     | Reached skill level 5 in Dodging
  3472 | D:11     | Noticed a cyan ugly thing
  3496 | D:11     | Found Poafug's Magic Scroll Shoppe.
  3500 | D:11     | Bought a scroll of identify for 26 gold pieces
  3500 | D:11     | Bought a scroll of magic mapping for 45 gold pieces
  3500 | D:11     | Bought a scroll of identify for 26 gold pieces
  3514 | D:12     | Noticed Kirke
  3586 | D:12     | Reached skill level 5 in Fighting
  3662 | D:13     | Found Geass's Antique Armour Emporium.
  3662 | D:13     | Noticed a cyclops
  3669 | D:13     | Noticed a red ugly thing
  3669 | D:13     | HP: 3/96 [centaur/arrow (15)]
  3671 | D:13     | Noticed a spiny frog
  3671 | D:13     | a raiju changed into a spiny frog
  3673 | D:13     | Shot with an arrow by a centaur

Vault maps used:
D:1:      dpeg_arrival_water_fire
D:2:      zin_statuary, columned_hall_lemuel
D:3:      uniq_sigmund
D:4:      nicolae_ru_awakened_eye, nicolae_dithmenos_the_darkroom,
          kennysheep_mini_moat, serial_shops, nicolae_shop_trees,
          nicolae_shop_behind_doors,
          nicolae_shop_temple_entry_statues_fountains, kennysheep_little_box,
          lightli_ossuary_entry_decrepit_ruins
D:5:      first_bread, minmay_door_square, uniq_crazy_yiuf_cottage
D:6:      minitemple, serial_shops, shop, uniq_eustachio
D:7:      tso_metal_star, uniq_joseph, uniq_pikel
D:9:      kennysheep_six_static_rooms, lemuel_doored_altar, hiddenorc2_lemuel,
          serial_shops, nicolae_shop_statue_plus, blue_anna_alchemist,
          minmay_misc_feat_x, uniq_erica, uniq_grum
D:11:     serial_shops, shop
D:12:     uniq_kirke, uniq_rupert
D:13:     erik_vaults_2, special_room, serial_shops, nicolae_shop_stone,
          shop_scrolls, nicolae_shop_overgrown_old_shop, kennysheep_mini,
          nicolae_shop_temple_entry_statues_fountains
Ossuary:  minmay_ossuary_two_tombs

Skill      XL: |  1  2  3  4  5  6  7  8  9 10 |
---------------+-------------------------------+-----
Unarmed Combat | 1 3 4 5 6 7 9 10 | 10.5
Fighting       | 1 2 4 5 |  5.0
Charms         | 1 2 3 |  3.7
Dodging        | 2 3 4 5 |  5.3
Necromancy     | 4 5 |  5.7
Spellcasting   | 2 |  2.6
Stealth        | |  1.0

Action                   |  1- 3 |  4- 6 |  7- 9 | 10-12 || total
-------------------------+-------+-------+-------+-------++-------
Melee: Unarmed           |    66 |   172 |   447 |    95 ||   780
       Punch             |     1 |     6 |    13 |     4 ||    24
 Cast: Regeneration      |       |       |       |    10 ||    10
  Use: Scroll            |     5 |     2 |     3 |     4 ||    14
       Potion            |       |       |     5 |     2 ||     7
 Stab: Sleeping          |     1 |     4 |     2 |     3 ||    10
  Eat: Chunk             |     2 |     6 |    22 |     9 ||    39
       Beef jerky        |       |       |     1 |       ||     1
Armor: Robe              |    69 |    42 |    80 |    21 ||   212
       Skin              |       |       |     4 |       ||     4
Dodge: Dodged            |    58 |    66 |   206 |    55 ||   385
